 Dungeon Crawl Stone Soup version 0.19.5 (webtiles) character file.

11344 Enroth the Cleaver (level 11, 0/58 HPs)
             Began as a Vine Stalker Berserker on Apr 17, 2017.
             Was a Priest of Trog.
             Slain by a skeletal warrior
             ... wielding a +1 flail
              (3 damage)
             ... on level 11 of the Dungeon.
             The game lasted 00:25:43 (7782 turns).

Enroth the Cleaver (Vine Stalker Berserker)         Turns: 7782, Time: 00:25:44

Health: 0/58       AC: 21    Str: 20    XL:     11   Next: 76%
Magic:  0/12       EV: 13    Int:  7    God:    Trog [***...]
Gold:   763        SH:  3    Dex: 22    Spells: 0 memorised, 10 levels left

rFire  + . .     SeeInvis .     o - +0 battleaxe (vamp) (curse)
rCold  . . .     Gourm    .     u - +0 plate armour
rNeg   . . .     Faith    .     (shield currently unavailable)
rPois  .         Spirit   +     a - +2 hat
rElec  .         Reflect  +     D - +0 cloak (curse)
rCorr  .         Harm     .     d - +0 pair of gloves
MR     +....                    g - +1 pair of boots
Stlth  ..........               v - +3 amulet of reflection
                                y - ring of protection from fire
                                r - ring of flight

@: agile, exhausted, slowed, very slow
A: fangs 3, regeneration 1, magic shield, antimagic bite, no device heal 3, rot
immunity
a: Berserk, Trog's Hand, Burn Spellbooks, Renounce Religion, Evoke Flight


You were on level 11 of the Dungeon.
You worshipped Trog.
Trog was most pleased with you.
You were very hungry.

You visited 2 branches of the dungeon, and saw 12 of its levels.
You also visited: Ossuary.

You collected 763 gold pieces.

Inventory:

Hand Weapons
 o - a cursed +0 vampiric battleaxe (weapon)
 A - a +3 scimitar of flaming
Missiles
 n - a throwing net (quivered)
Armour
 a - a +2 hat (worn)
 d - a +0 pair of gloves (worn)
 g - a +1 pair of boots (worn)
 u - a +0 plate armour (worn)
 D - a cursed +0 cloak (worn)
Jewellery
 r - a ring of flight (left hand)
 v - a +3 amulet of reflection (around neck)
 y - a ring of protection from fire (right hand)
Scrolls
 e - 5 scrolls of identify
 f - 6 scrolls of remove curse
 i - 5 scrolls of teleportation
 k - 6 scrolls of blinking
 p - 2 scrolls of magic mapping
 w - 4 scrolls of enchant armour
 x - a scroll of fear
Potions
 j - 2 potions of flight
 m - a potion of berserk rage
 s - 5 potions of curing
 t - 3 potions of brilliance
 C - a potion of lignification
Comestibles
 b - 3 slices of pizza
 c - 13 bread rations
 h - 4 beef jerkies
 l - 5 meat rations
 q - 10 fruits
 B - 2 chunks of flesh


   Skills:
 + Level 7.4 Fighting
 + Level 11.7 Axes
 * Level 9.3 Armour
 + Level 2.3 Dodging
 + Level 0.6 Stealth


You had 10 spell levels left.
You didn't know any spells.

Dungeon Overview and Level Annotations

Branches:
Dungeon (11/15)            Temple (1/1) D:5
   Lair: D:8-11         Orc: D:9-12

Altars:
Ashenzari
Cheibriados
Dithmenos
Elyvilon
Fedhas
Gozag
Hepliaklqana
Kikubaaqudgha
Makhleb
Nemelex Xobeh
Okawaru
Qazlal
Ru
Sif Muna
Trog
Uskayaw
Vehumet
Xom
Yredelemnul
Zin
The Shining One


Innate Abilities, Weirdness & Mutations

You have razor-sharp teeth.
Your natural rate of healing is unusually fast.
When hurt, damage is shared between your health and your magic reserves.
Your bite disrupts and absorbs the magic of your enemies.
Potions and wands cannot restore your health.
You are immune to rotting.


Message History

The skeletal warrior is lightly damaged.
The skeletal warrior hits you with an enchanted flail!
* * * LOW HITPOINT WARNING * * *
You slash the skeletal warrior!
The skeletal warrior is moderately damaged.
You are no longer berserk.
You are exhausted.
You feel yourself slow down.
You hit the skeletal warrior but do no damage.
You bite the skeletal warrior, but do no damage.
The skeletal warrior is moderately damaged.
You block the skeletal warrior's attack.
The skeletal warrior hits you but does no damage.
You hit the skeletal warrior.
The skeletal warrior is moderately damaged.
The skeletal warrior hits you with an enchanted flail!
* * * LOW HITPOINT WARNING * * *
You feel agile all of a sudden.
The skeletal warrior hits you with an enchanted flail.
You die...

.......# ......#
.....# .(..# ...#
..# #z##...
#@#...# #.#...#
##.#...##
#.(#....#
########.##...#
......†..##†..#
#..#####...)..#
####..#.#####.#
#..............##


You could see a skeletal warrior.

Vanquished Creatures
  Gastronok (D:9)
  Erica (D:9)
  3 skeletal warriors (D:11)
  An unseen horror (D:10)
  A hill giant (D:11)
  The ghost of nano the Covert, a novice SpEn of Okawaru (D:8)
  A tengu conjurer (D:10)
  A two-headed ogre (D:10)
  2 hippogriffs
  7 yaks (D:10)
  2 orc warriors
  2 sky beasts
  2 ice beasts
  8 ogres
  2 phantoms
  2 eyes of draining
  2 necrophages
  4 centaurs
  A crocodile (D:10)
  5 bullfrogs
  3 scorpions
  5 wights (D:7)
  A howler monkey (D:5)
  A bullfrog zombie (D:7)
  2 crimson imps
  3 quasits
  A centaur zombie (D:10)
  3 hounds
  A jelly (D:8)
  3 orc priests
  5 orc wizards
  A gnoll shaman (D:5)
  A centaur skeleton (D:5)
  2 iguanas
  Natasha (thrice) (D:2)
  11 worker ants
  A big kobold zombie (Ossuary)
  8 mummies (Ossuary)
  9 gnolls
  7 adders
  2 shadow imps
  6 adder zombies
  3 worms
  2 dart slugs
  6 leopard geckos
  21 orcs
  10 bats
  8 giant cockroaches
  6 goblins
  4 hobgoblins
  15 jackals
  6 quokkas
  A ball python (D:5)
  2 frilled lizards
  4 gnoll zombies (Ossuary)
  A hobgoblin zombie (Ossuary)
  12 kobolds
  2 orc zombies (Ossuary)
  A quokka skeleton (D:4)
  8 rats
240 creatures vanquished.

Notes
Turn   | Place    | Note
-------+----------+-------------------------------------------
     0 | D:1      | Enroth the Vine Stalker Berserker began the quest for the Orb.
     0 | D:1      | Reached XP level 1. HP: 11/11 MP: 2/2
   260 | D:1      | Reached XP level 2. HP: 16/16 MP: 3/3
   816 | D:2      | Noticed Natasha
   820 | D:2      | Noticed a crimson imp
   822 | D:2      | Reached XP level 3. HP: 20/20 MP: 1/4
   822 | D:2      | Reached skill level 3 in Axes
   824 | D:2      | Reached ** piety under Trog
   826 | D:2      | Killed Natasha
   959 | D:2      | Gained mutation: Your natural rate of healing is unusually fast. [Vine Stalker growth]
   959 | D:2      | Reached XP level 4. HP: 23/24 MP: 5/5
  1096 | D:2      | Found a hide-covered altar of Uskayaw.
  1406 | D:2      | Noticed Natasha
  1416 | D:2      | Killed Natasha
  1458 | D:2      | Noticed Natasha
  1465 | D:2      | Killed Natasha
  1465 | D:2      | Reached XP level 5. HP: 28/28 MP: 6/6
  1493 | D:2      | Found a bloodstained altar of Trog.
  1969 | D:3      | Reached skill level 4 in Axes
  2047 | D:3      | Found a shimmering altar of Xom.
  2047 | D:3      | Found an ancient bone altar of Kikubaaqudgha.
  2773 | D:4      | Reached XP level 6. HP: 33/33 MP: 5/7
  2821 | D:4      | Gained mutation: You expend magic power (3 MP) to strengthen your wands. [potion of mutation]
  2821 | D:4      | Gained mutation: You tend to lose your temper in combat. [potion of mutation]
  2821 | D:4      | Gained mutation: You often lose your temper in combat. [potion of mutation]
  2824 | D:4      | Gained mutation: You evolve. [potion of beneficial mutation]
  3033 | D:4      | Gained mutation: You have sharp toenails. [evolution]
  3315 | D:5      | Entered Level 5 of the Dungeon
  3377 | D:5      | Reached XP level 7. HP: 37/37 MP: 8/8
  3396 | D:5      | Reached skill level 5 in Axes
  3400 | D:5      | Found a staircase to the Ecumenical Temple.
  3409 | Temple   | Entered the Ecumenical Temple
  3840 | D:5      | Reached *** piety under Trog
  3971 | D:5      | Gained mutation: You are surrounded by a mild repulsion field. (EV +2) [evolution]
  3979 | D:5      | Gained mutation: You have razor-sharp teeth. [Vine Stalker growth]
  3979 | D:5      | Reached XP level 8. HP: 41/42 MP: 9/9
  4011 | D:5      | Reached skill level 5 in Armour
  4059 | D:5      | Got a topaz-encrusted leather armour
  4060 | D:5      | Identified the +2 leather armour of Hospitality {+Fly} (You found it on level 5 of the Dungeon)
  4079 | D:5      | Reached skill level 6 in Axes
  4593 | D:6      | Reached skill level 7 in Axes
  4749 | D:6      | Reached skill level 5 in Fighting
  4749 | D:6      | Reached XP level 9. HP: 27/47 MP: 10/10
  5193 | D:7      | Found a sand-covered staircase.
  5200 | Ossuary  | Entered an ossuary
  5209 | Ossuary  | Reached **** piety under Trog
  5373 | D:7      | Lost mutation: You are surrounded by a mild repulsion field. (EV +2) [potion of cure mutation]
  5373 | D:7      | Lost mutation: You often lose your temper in combat. [potion of cure mutation]
  5373 | D:7      | Lost mutation: You evolve. [potion of cure mutation]
  5374 | D:7      | Lost mutation: You have sharp toenails. [potion of cure mutation]
  5374 | D:7      | Lost mutation: You expend magic power (3 MP) to strengthen your wands. [potion of cure mutation]
  5374 | D:7      | Lost mutation: You tend to lose your temper in combat. [potion of cure mutation]
  5525 | D:7      | Found a burning altar of Makhleb.
  5532 | D:7      | Found a basalt altar of Yredelemnul.
  5532 | D:7      | Found a snail-covered altar of Cheibriados.
  5534 | D:7      | Found a white marble altar of Elyvilon.
  5644 | D:7      | Reached skill level 8 in Axes
  5949 | D:8      | Noticed nano's ghost (novice SpEn)
  5959 | D:8      | Killed nano's ghost
  6100 | D:8      | Found a shadowy altar of Dithmenos.
  6230 | D:8      | Reached skill level 9 in Axes
  6241 | D:8      | Reached XP level 10. HP: 53/53 MP: 11/11
  6606 | D:9      | Noticed Erica
  6606 | D:9      | Noticed Gastronok
  6615 | D:9      | Killed Gastronok
  6615 | D:9      | Reached skill level 10 in Axes
  6616 | D:9      | Killed Erica
  6780 | D:9      | Reached ***** piety under Trog
  7011 | D:10     | Entered Level 10 of the Dungeon
  7022 | D:10     | Reached XP level 11. HP: 58/58 MP: 12/12
  7240 | D:10     | Killed an unseen horror
  7240 | D:10     | Reached skill level 11 in Axes
  7632 | D:10     | Found a stormy altar of Qazlal.
  7701 | D:11     | Noticed a hill giant
  7707 | D:11     | Killed a hill giant
  7737 | D:11     | Noticed a skeletal warrior
  7738 | D:11     | Noticed a skeletal warrior
  7739 | D:11     | Noticed a skeletal warrior
  7750 | D:11     | Killed a skeletal warrior
  7766 | D:11     | Noticed a skeletal warrior
  7766 | D:11     | Killed a skeletal warrior
  7772 | D:11     | Killed a skeletal warrior
  7781 | D:11     | HP: 2/58 [skeletal warrior/enchanted flail (8)]
  7782 | D:11     | Slain by a skeletal warrior

Skill      XL: |  1  2  3  4  5  6  7  8  9 10 11 |
---------------+----------------------------------+-----
Fighting       | 3 4 5 6 7 |  7.4
Axes           | 3 4 5 7 9 10 11 | 11.7
Armour         | 2 3 4 5 6 8 9 |  9.3
Dodging        | 2 |  2.3
Stealth        | |  0.6

Action                   |  1- 3 |  4- 6 |  7- 9 | 10-12 || total
-------------------------+-------+-------+-------+-------++-------
Melee: Hand axe          |    72 |   158 |    32 |       ||   262
       Bite              |    13 |    57 |   114 |   103 ||   287
       War axe           |       |       |   168 |       ||   168
       Battleaxe         |       |       |   101 |   227 ||   328
Invok: Berserk           |     1 |     3 |     4 |     3 ||    11
  Use: Scroll            |       |    11 |     8 |     2 ||    21
       Potion            |       |     9 |    10 |     1 ||    20
 Stab: Distracted        |       |     1 |       |       ||     1
  Eat: Chunk             |     1 |     8 |    13 |     7 ||    29
       Royal jelly       |       |     1 |       |       ||     1
       Fruit             |       |       |     2 |       ||     2
Armor: Leather armour    |     9 |       |       |       ||     9
       Ring mail         |    50 |    37 |       |       ||    87
       Plate armour      |       |    44 |   194 |   199 ||   437
       Skin              |       |       |     5 |       ||     5
Dodge: Dodged            |    61 |    65 |   121 |    71 ||   318
Block: Other             |       |       |    22 |    28 ||    50
       Reflection        |       |       |     1 |       ||     1
